 Seeded DCSS version 0.31-a0-1287-g2f004bd (webtiles) character file.

Game seed: 7488981733002710792 (custom seed)

459 BakedSpriggan the Trooper (level 7, -1/45 HPs)
             Began as a Gargoyle Fighter on Sept 7, 2023.
             Was an Initiate of Makhleb.
             Slain by a gnoll
             ... wielding a +0 halberd
              (5 damage)
             ... on level 4 of the Dungeon on Dec 17, 2023.
             The game lasted 00:19:43 (3473 turns).

BakedSpriggan the Trooper (Gargoyle Fighter)        Turns: 3473, Time: 00:19:44

Health: -1/45      AC: 21    Str: 22    XL:     7   Next: 6%
Magic:  8/8        EV:  6    Int:  8    God:    Makhleb [......]
Gold:   276        SH:  4    Dex:  9    Spells: 6/6 levels left

rFire   . . .        p - +0 flail
rCold   . . .        c - +0 buckler
rNeg    + . .        o - +0 plate armour
rPois   ∞            (no helmet)
rElec   +            (no cloak)
rCorr   .            (no gloves)
SInv    .            (no boots)
Will    .....        (no amulet) Stlth
                     n - +4 ring of protection
HPRegen 0.27/turn    (no ring)
MPRegen 0.11/turn

%: no passive effects
@: no status effects
A: sickness immunity, AC +4, negative energy resistance 1, electricity
resistance, torment resistance 1, petrification resistance
a: Renounce Religion


You were on level 4 of the Dungeon.
You worshipped Makhleb.
Makhleb was noncommittal.
You visited 1 branch of the dungeon, and saw 4 of its levels.

You collected 276 gold pieces.

Inventory:

Hand Weapons
 p - a +0 flail (weapon)
Missiles
 a - 5 atropa-tipped darts
 e - 27 stones
 f - 6 poisoned darts (quivered)
Armour
 c - a +0 buckler (worn)
 o - a +0 plate armour (worn)
Jewellery
 n - a +4 ring of protection (left hand)
Wands
 h - a wand of flame (26)
 k - a wand of mindburst (2)
Scrolls
 d - a scroll of revelation {unknown}
 g - 5 scrolls of enchant armour {unknown}
 i - a scroll of poison {unknown}
 j - 3 scrolls of identify {unknown}
 l - 2 scrolls of teleportation {unknown}
 m - a scroll of vulnerability {unknown}
Potions
 b - a potion of heal wounds {unknown}
 q - a potion of ambrosia
 r - a potion of attraction {unknown}


   Skills:
 + Level 5.7 Fighting
 - Level 2.8 Long Blades
 + Level 0.1 Maces & Flails
 + Level 5.7 Armour
 - Level 3.2 Shields
 + Level 2.5 Invocations


You had 6 spell levels left.
You didn't know any spells.
Your spell library contained the following spells:

 Spells                   Type           Power      Damage    Failure   Level
 Summon Guardian Golem    Hex/Summ       0%         N/A       100%        3
 Tukima's Dance           Hex            0%         N/A       100%        3
 Dimensional Bullseye     Hex/Tloc       0%         N/A       100%        4
 Iskenderun's Mystic Bla  Conj/Tloc      0%         2d3       100%        4
 Orb of Destruction       Conj           0%         9d5       100%        7
 Spellforged Servitor     Conj/Summ      0%         N/A       100%        7


Dungeon Overview and Level Annotations

Branches:
Dungeon (4/15)             Temple (0/1) D:4

Altars:
Makhleb
Nemelex Xobeh


Innate Abilities, Weirdness & Mutations

You are immune to sickness and miasma.
Your stone body is resilient. (AC +4)
You are immune to poison.
You resist negative energy. (rN+)
You are resistant to electric shocks. (rElec)
You are resistant to unholy torment.
You are immune to petrification.


Message History

2 gnolls come into view.
Found a scroll labelled TUYTIEKKYEMU.
The gnoll shouts! x3
A goblin comes into view. It is wielding a +0 club.
The goblin shouts!
The gnoll hits you with a +0 halberd.
You barely miss the gnoll. The gnoll hits you but does no damage.
The gnoll hits you with a +0 halberd!
You closely miss the gnoll. The gnoll hits you with a +0 halberd!
You hit the gnoll.
The gnoll is lightly wounded.
The gnoll hits you with a +0 halberd.
You are too injured to fight recklessly!
You sock the gnoll!
The gnoll is heavily wounded.
The gnoll hits you from afar with a +0 halberd!
* * * LOW HITPOINT WARNING * * *
The gnoll hits you but does no damage.
You barely miss the gnoll.
The gnoll is heavily wounded.
You block the gnoll's attack. The gnoll hits you but does no damage.
You block the gnoll's attack. The gnoll hits you but does no damage.
You sock the gnoll!
You kill the gnoll!
Makhleb accepts your kill. You block the gnoll's attack.
The gnoll hits you with a +0 halberd!
* * * LOW HITPOINT WARNING * * *
Things that are here:
a +0 club; a gnoll corpse You barely miss the gnoll.
The gnoll is lightly wounded.
The gnoll hits you but does no damage. You block the gnoll's attack.
You closely miss the gnoll.
The gnoll is lightly wounded.
The gnoll barely misses you.
You thump the gnoll!
The gnoll is almost dead.
The gnoll hits you with a +0 halberd.
You die...

######## .......
###########....
.....>.........
######..###.... .
##...####. ... ###..# ##
....g##############.####
....ggg@................
...?.###############.###
... #.... . ##### ##..
#... #... #...
#######...


You could see 3 gnolls and a goblin.

Vanquished Creatures
  Sigmund (D:2)
  A hound (D:4)
  3 iron imps (D:3)
  A gnoll (D:4)
  8 adders
  A white imp (D:4)
  A worm (D:2)
  10 orcs
  5 bats
  8 endoplasms
  3 giant cockroaches (D:1)
  3 goblins
  7 hobgoblins
  3 jackals (D:1)
  7 quokkas
  6 ball pythons
  2 frilled lizards (D:2)
  3 kobolds
  3 rats
76 creatures vanquished.

Notes
Turn   | Place    | Note
-------+----------+-------------------------------------------
     0 | D:1      | BakedSpriggan the Gargoyle Fighter began the quest for the
                  | Orb.
     0 | D:1      | Reached XP level 1. HP: 14/14 MP: 1/1
   275 | D:1      | Reached XP level 2. HP: 15/19 MP: 2/2
   868 | D:1      | Reached XP level 3. HP: 24/24 MP: 3/3
  1128 | D:2      | HP: 1/24 [adder (3)]
  1135 | D:2      | Reached XP level 4. HP: 17/29 MP: 4/4
  1640 | D:2      | Noticed Sigmund
  1794 | D:3      | Upgraded the game from 0.31-a0-692-gf03d185 to
                  | 0.31-a0-1287-g2f004bd
  1891 | D:3      | Found a burning altar of Makhleb.
  1936 | D:3      | Reached XP level 5. HP: 6/34 MP: 5/5
  1937 | D:3      | HP: 1/34 [iron imp (7)]
  2068 | D:3      | Became a worshipper of Makhleb the Destroyer
  2114 | D:3      | Found a sparkling altar of Nemelex Xobeh.
  2225 | D:3      | Reached skill level 5 in Fighting
  2392 | D:2      | Reached skill level 5 in Armour
  2529 | D:2      | Killed Sigmund
  2530 | D:2      | Reached XP level 6. HP: 31/40 MP: 5/7
  3330 | D:4      | Reached XP level 7. HP: 45/45 MP: 8/8
  3392 | D:4      | Found a staircase to the Ecumenical Temple.
  3473 | D:4      | Slain by a gnoll

Illustrated notes

Levels and vault maps discovered:
D:1:      dpeg_arrival_yet_another_circle, layout_loops_ring, serial_forest,
          infiniplex_forest_clump_diagonal, infiniplex_forest_end_1,
          infiniplex_forest_lined_room_2, infiniplex_forest_clump_diagonal,
          infiniplex_forest_corner_1, infiniplex_forest_lined_3,
          infiniplex_forest_clump_small
D:2:      layout_loops_cross, minmay_gold_behind_fungi, uniq_sigmund
D:3:      layout_basic, demons_altar, mainiacjoe_overflow_surrounded_room
D:4:      layout_basic, minmay_temple_entry_enclosed_plants

Skill      XL: |  1  2  3  4  5 |
---------------+----------------+-----
Long Blades    | 2 |  2.8
Fighting       | 4 5 |  5.7
Armour         | 4 5 |  5.7
Invocations    | 2 |  2.5
Maces & Flails | |  0.1
Shields        | |  3.2

Action                     |  1- 3 |  4- 6 |  7- 9 || total
---------------------------+-------+-------+-------++-------
  Melee: Long sword        |   142 |   191 |       ||   333
         Flail             |       |    21 |    20 ||    41
  Throw: Stone             |       |     9 |       ||     9
    Use: Potion            |     3 |     4 |       ||     7
 Armour: Scale mail        |   144 |    62 |       ||   206
         Plate armour      |       |   118 |    17 ||   135
  Dodge: Dodged            |    81 |    76 |     4 ||   161
  Block: Buckler           |    39 |    49 |     4 ||    92

Table legend: (Time is in decaauts)
 A = Elapsed time spent in this place.
 B = Non-inter-level travel time spent in this place.
 C = Inter-level travel time spent in this place.
 D = Time resting spent in this place.
 E = Time spent auto-exploring this place.
 F = Levels seen in this place.
 G = Mean time per level.
                   A        B        C        D        E       F      G
               +--------+--------+--------+--------+--------+-----+--------+
         Total |   3593 |   3394 |    199 |     91 |   2344 |   4 |  898.2 |
       Dungeon |   3593 |   3394 |    199 |     91 |   2344 |   4 |  898.2 |
               +--------+--------+--------+--------+--------+-----+--------+

Top non-repeatable levels by time:
     D:2: 1137 daAuts
     D:3: 1132 daAuts
     D:1: 1063 daAuts
     D:4: 260 daAuts
